Map: Frozen Temple

Players

UncleDingus

  • Race: Protoss Protoss
  • League: Platinum

Nickos - Winner!

  • Race: Terran Terran
  • League: Gold

VOD

Have the link to the VOD?

Description

Time

  • Played on: Sept. 22, 2016, 12:12 a.m.
  • Length: 11:17
Show
View Real Time Build Order
Export as new Build Order

UncleDingus Protoss 

Build Orders: 1 Gate Expand, Oracle Opening 

Get SALT Encoding   

  12  0:01  Probe (Chrono Boost)  
  13  0:11  Probe (Chrono Boost)  
  14  0:19  Pylon  
  14  0:27  Probe (Chrono Boost)  
  15  0:42  Gateway  
  15  0:45  Probe (Chrono Boost)  
  15  0:48  Assimilator  
  16  0:55  Probe (Chrono Boost)  
  17  1:06  Probe (Chrono Boost)  
  18  1:17  Probe (Chrono Boost)  
  19  1:28  Nexus  
  19  1:32  Probe (Chrono Boost)  
  20  1:43  Cybernetics Core  
  20  1:55  Probe (Chrono Boost)  
  20  1:59  Pylon  
  21  2:06  Probe (Chrono Boost)  
  22  2:09  Pylon  
  22  2:22  Adept  
  24  2:26  Stargate  
  24  2:30  Warp Gate  
  24  2:42  Assimilator  
  24  2:58  Probe (Chrono Boost)  
  24  2:59  Probe (Chrono Boost)  
  26  3:09  Probe x2 (Chrono Boost)  
  28  3:17  Oracle  
  29  3:20  Probe x2 (Chrono Boost)  
  29  3:22  Gateway  
  32  3:30  Probe (Chrono Boost)  
  33  3:37  Gateway  
  33  3:39  Probe (Chrono Boost)  
  33  3:41  Probe (Chrono Boost)  
  35  3:43  Pylon  
  35  3:51  Probe (Chrono Boost)  
  35  3:52  Adept  
  35  3:53  Probe (Chrono Boost)  
  39  4:33  Void Ray  
  43  4:45  Robotics Facility  
  43  4:46  Probe x2 (Chrono Boost)  
  43  4:47  Twilight Council  
  45  4:57  Probe x2 (Chrono Boost)  
  45  4:58  Assimilator  
  47  5:00  Pylon  
  47  5:05  Assimilator  
  47  5:06  Pylon  
  47  5:07  Probe (Chrono Boost)  
  47  5:08  Mothership Core (Chrono Boost), Adept x2  
  47  5:09  Adept  
  56  5:26  Probe x2 (Chrono Boost)  
  58  5:30  Resonating Glaives  
  58  5:32  Zealot  
  58  5:33  Adept x2  
  64  5:37  Probe x2 (Chrono Boost)  
  66  5:44  Immortal  
  66  5:49  Probe (Chrono Boost)  
  71  6:15  Probe (Chrono Boost)  
  71  6:17  Probe (Chrono Boost)  
  73  6:20  Observer  
  73  6:24  Adept  
  73  6:25  Adept x2  
  77  6:33  Probe (Chrono Boost)  
  77  6:34  Probe (Chrono Boost)  
  77  6:43  Gateway, Probe (Chrono Boost)  
  77  6:45  Gateway  
  77  6:47  Gateway  
  78  6:48  Pylon  
  78  6:49  Gateway  
  78  6:50  Pylon  
  78  6:51  Gateway, Pylon  
  78  7:01  Warp Prism  
  78  7:04  Pylon  
  78  7:06  Probe (Chrono Boost), Void Ray  
  78  7:08  Probe (Chrono Boost)  
  86  7:16  Adept  
  86  7:17  Adept x2  
  86  7:20  Probe (Chrono Boost)  
  91  7:39  Nexus  
  91  7:49  Adept x3  
  91  7:50  Adept x3  
  101  8:00  Immortal  
  101  8:04  Void Ray  
  109  8:12  Adept  
  110  8:19  Pylon  
  108  8:20  Pylon x2  
  108  8:23  Pylon  
  95  8:51  Adept x2  
  95  8:52  Adept x4  
  95  8:53  Adept x2  
  101  9:21  Immortal  
  101  9:22  Stalker x2  
  101  9:23  Stalker x4  
  113  9:24  Void Ray  
  117  9:43  Nexus  
  77  9:55  Adept x6, Warp Prism  
  77  9:57  Sentry  
  85  10:14  Pylon  
  85  10:19  Forge  
  85  10:22  Forge  
  85  10:30  Immortal  
  85  10:41  Templar Archives  
  83  10:48  Mothership Core (Chrono Boost)  
  59  10:58  Adept x5  
  59  10:59  Adept  
Show
View Real Time Build Order
Export as new Build Order

Nickos Terran - Winner!

Build Orders: MMM Bio 

Get SALT Encoding   

  12  0:01  SCV  
  13  0:13  SCV  
  14  0:18  Supply Depot  
  14  0:25  SCV  
  15  0:40  SCV  
  15  0:41  Barracks  
  16  0:52  SCV  
  17  1:04  SCV  
  18  1:16  SCV  
  19  1:21  Command Center  
  19  1:29  Marine  
  20  1:34  Orbital Command  
  20  1:48  Barracks  
  20  1:55  Supply Depot, Marine  
  20  2:00  SCV  
  22  2:12  SCV  
  23  2:17  Marine  
  23  2:20  Barracks  
  24  2:23  Refinery  
  24  2:24  SCV  
  24  2:28  Refinery  
  25  2:36  SCV  
  26  2:38  Marine  
  26  2:40  Orbital Command  
  26  2:48  SCV  
  26  2:51  Marine  
  28  2:59  Marine  
  28  3:01  SCV  
  30  3:07  SCV  
  30  3:08  Barracks Tech Lab  
  30  3:11  Barracks Reactor  
  31  3:13  SCV  
  31  3:19  SCV  
  33  3:25  SCV  
  34  3:30  Barracks Reactor  
  34  3:33  Factory  
  34  3:37  SCV x2  
  34  3:39  Barracks  
  34  3:40  Barracks  
  36  3:44  Marauder  
  38  3:49  SCV  
  38  3:50  SCV  
  38  3:54  Supply Depot, Marine  
  41  3:56  Supply Depot  
  41  4:01  SCV  
  41  4:02  SCV, Stimpack  
  42  4:13  Marine, SCV  
  42  4:14  SCV  
  39  4:25  SCV  
  39  4:26  SCV  
  41  4:37  SCV  
  42  4:39  SCV  
  42  4:41  Marine  
  44  4:46  Marine  
  44  4:49  SCV  
  46  4:52  Supply Depot  
  46  4:53  SCV  
  47  5:01  SCV  
  47  5:02  Factory Reactor  
  47  5:05  SCV  
  49  5:08  Starport  
  49  5:11  Barracks Reactor  
  49  5:13  SCV  
  50  5:17  SCV  
  51  5:24  Engineering Bay  
  51  5:27  Supply Depot  
  51  5:28  Engineering Bay, Marine  
  51  5:29  Barracks Tech Lab, Marine x2  
  51  5:35  SCV  
  55  5:45  Marine  
  55  5:46  Marine  
  57  5:52  Supply Depot  
  57  5:53  Terran Infantry Weapons Level 1  
  57  6:00  Refinery  
  57  6:02  Combat Shields  
  57  6:05  Command Center, SCV x2  
  57  6:06  Marine x3  
  57  6:08  Marine  
  62  6:13  Marine  
  62  6:14  Marine  
  62  6:16  Marauder  
  66  6:18  Medivac  
  66  6:23  Supply Depot  
  57  6:42  SCV  
  57  6:43  Marine x3, SCV  
  62  6:48  Terran Infantry Armor Level 1  
  62  6:54  SCV  
  62  6:55  SCV  
  64  7:02  Marine x3  
  64  7:03  Marine x2  
  64  7:05  Medivac, Marauder x2  
  75  7:10  Marine  
  75  7:13  Supply Depot  
  76  7:16  Missile Turret  
  76  7:18  Missile Turret  
  76  7:20  Marine x2  
  78  7:25  SCV x2  
  78  7:26  Armory, Marauder  
  78  7:28  Marine x2  
  84  7:36  Marine  
  85  7:37  SCV  
  85  7:38  Marine  
  85  7:39  Marine x2  
  85  7:40  Medivac  
  89  7:53  Marine x2  
  88  8:04  Marine x3  
  88  8:05  Marine x2  
  91  8:08  Marine  
  91  8:11  Marine x2  
  86  8:22  Marine x4  
  88  8:31  Marine x3  
  88  8:32  Medivac x2  
  86  8:37  Orbital Command  
  86  8:41  SCV x2  
  81  8:52  Marine x4  
  81  8:53  SCV x2  
  75  8:56  Marine x4  
  75  9:01  Terran Infantry Weapons Level 2  
  75  9:02  Medivac  
  80  9:05  SCV x2  
  80  9:09  Marine  
  75  9:10  Marine x2  
  75  9:14  Marine  
  75  9:15  Marine  
  75  9:16  Marauder  
  82  9:20  Marine  
  82  9:21  Marine  
  82  9:23  Medivac  
  83  9:27  Marine x2  
  83  9:30  SCV x3  
  85  9:40  Marine x2  
  85  9:41  Marauder, Marine x2  
  85  9:42  SCV, Marauder  
  78  9:53  Marine x2  
  78  9:58  Marine x3  
  78  9:59  Marine  
  84  10:02  Marine  
  84  10:06  Marine  
  85  10:11  Medivac x2, Marine x2  
  85  10:13  SCV x2  
  93  10:16  Supply Depot  
  93  10:23  Marauder  
  93  10:24  Marine x4  
  93  10:25  Marauder  
  93  10:26  SCV x2  
  93  10:27  SCV  
  103  10:45  Marauder  
  100  10:52  Marine x5  
  100  10:53  Marine  
Tags
 
Add a new tag
Caveats
  • Supply blocks, unpowered buildings, or Contaminate may cause inaccurate times.
  • Supply counts are checked every 10 seconds.